 Dungeon Crawl Stone Soup version 0.29.1-1-gd02db6906a (webtiles) character file.

Game seed: 12567267092264591908

128 hawla the Conjurer (level 4, -13/33 HPs)
             Began as a Draconian Conjurer on Oct 20, 2022.
             Mangled by an ogre
             ... wielding a +0 giant club
              (30 damage)
             ... on level 4 of the Dungeon.
             The game lasted 00:09:02 (4159 turns).

hawla the Conjurer (Draconian Conjurer)             Turns: 4159, Time: 00:09:02

Health: -13/33     AC:  8    Str: 10    XL:     4   Next: 86%
Magic:  0/8        EV: 12    Int: 20    God:
Gold:   149        SH:  0    Dex:  9    Spells: 1/8 levels left

rFire   . . .      SeeInvis .   (no weapon)
rCold   . . .      Faith    .   (no shield)
rNeg    . . .      Spirit   .   (body armour unavailable)
rPois   .          Reflect  .   (helmet restricted)
rElec   .          Harm     .   (no cloak)
rCorr   .          Rampage  .   g - +2 pair of gloves
Will    .....                   (no boots)
Stlth   ++........              (no amulet)
HPRegen 0.11/turn               k - ring of wizardry
MPRegen 0.11/turn               (no ring)

@: about to teleport, very slightly contaminated
A: AC +5, unfitting armour, cold-blooded
a: no special abilities


You were on level 4 of the Dungeon.
You visited 1 branch of the dungeon, and saw 4 of its levels.

You collected 149 gold pieces.

Inventory:

Armour
 g - a +2 pair of gloves (worn)
Jewellery
 k - a ring of wizardry (left hand)
Scrolls
 i - a scroll of butterflies
Potions
 a - a potion of brilliance
 b - 2 potions of heal wounds {unknown}
 d - 3 potions of might
 e - a potion of attraction {unknown}
 f - a potion of degeneration {unknown}
 h - 3 potions of lignification {unknown}
 l - a potion of mutation {unknown}


   Skills:
 + Level 0.2 Fighting
 + Level 2.3 Dodging
 - Level 1.7 Stealth
 + Level 2.6 Spellcasting
 + Level 5.4 Conjurations
 + Level 1.1 Translocations


You had one spell level left.
You knew the following spells:

 Your Spells              Type           Power      Damage    Failure   Level
a - Magic Dart            Conj           96%        1d7       1%          1
b - Searing Ray           Conj           48%        2d6       1%          2
c - Iskenderun's Mystic   Conj/Tloc      15%        2d5       16%         4

Your spell library contained the following spells:

 Spells                   Type           Power      Damage    Failure   Level
 Slow                     Hex            8%         N/A       6%          1
 Dazzling Flash           Conj/Hex       26%        N/A       6%          3
 Confusing Touch          Hex            2%         N/A       17%         3
 Frozen Ramparts          Ice            4%         1d1       17%         3
 Vampiric Draining        Necr           2%         2d6       17%         3
 Fulminant Prism          Conj/Hex       6%         3d7       19%         4
 Ice Form                 Ice/Tmut       2%         N/A       47%         4
 Summon Ice Beast         Ice/Summ       2%         N/A       47%         4


Dungeon Overview and Level Annotations

Branches:
Dungeon (4/15)
 Temple: D:4-7

Altars:
Dithmenos
Nemelex Xobeh


Innate Abilities, Weirdness & Mutations

Your plain brown scales are hard. (AC +5)
You cannot fit into any form of body armour.
You are cold-blooded and may be slowed by cold attacks.


Message History

The hobgoblin is almost dead. (Press . to maintain the ray.)
Your surroundings suddenly seem different.
An orc comes into view. It is wielding a +0 war axe.
Casting: Searing Ray (safe; 1% risk of failure)
Confirm with . or Enter, or press ? or * to list all spells.
Okay, then.
The magic dart hits the orc.
The orc is lightly wounded.
The magic dart hits the orc.
The orc is heavily wounded.
The magic dart hits the orc but does no damage.
The orc is heavily wounded.
The magic dart hits the orc.
You kill the orc!
Magic restored.
An ogre comes into view. It is wielding a +0 giant club.
The ogre shouts!
The ogre hits you with a +0 giant club!
Casting: Magic Dart (safe; 1% risk of failure)
Confirm with . or Enter, or press ? or * to list all spells.
The spell is extremely dangerous to miscast (16% risk of failure)!
Continue anyway?
You miscast Iskenderun's Mystic Blast.
You are very lightly contaminated with residual magic.
Nothing appears to happen.
Casting: Iskenderun's Mystic Blast (extremely dangerous; 16% risk of failure)
Confirm with . or Enter, or press ? or * to list all spells.
The spell is extremely dangerous to miscast (16% risk of failure)!
Continue anyway?
You erupt in a blast of force!
The mystic blast hits the ogre.
The ogre is lightly wounded.
The ogre hits you with a +0 giant club.
Unknown command.
The ogre attacks as you move away! The ogre misses you.
Found 16 gold pieces.
As you read the scroll of teleportation, it crumbles to dust.
You feel strangely unstable. The ogre attacks as you move away!
The ogre hits you with a +0 giant club!!
Ouch! That really hurt!
You die...

# ###
$...########.#
#....@O...#..#
#.#######..###
#..# #..# #).#
#..# #..# #..#


You could see an ogre.

Vanquished Creatures
  4 adders
  3 dart slugs (D:1)
  9 orcs
  7 ball pythons
  8 bats
  6 endoplasms
  2 giant cockroaches
  6 goblins
  7 hobgoblins
  2 jackals (D:2)
  6 kobolds
  2 quokkas
  4 frilled lizards (D:1)
  7 rats
73 creatures vanquished.

Vanquished Creatures (others)
  6 plants (D:3)
6 creatures vanquished.

Grand Total: 79 creatures vanquished

Notes
Turn   | Place    | Note
-------+----------+-------------------------------------------
     0 | D:1      | hawla the Draconian Conjurer began the quest for the Orb.
     0 | D:1      | Reached XP level 1. HP: 14/14 MP: 3/3
   397 | D:1      | Reached XP level 2. HP: 20/20 MP: 0/5
   689 | D:1      | Learned a level 2 spell: Searing Ray
   999 | D:1      | Reached XP level 3. HP: 26/26 MP: 3/6
  1380 | D:1      | You fall into a shaft and drop 1 floor!
  1730 | D:2      | Reached skill level 5 in Conjurations
  2301 | D:2      | Reached XP level 4. HP: 33/33 MP: 3/7
  2317 | D:2      | Learned a level 4 spell: Iskenderun's Mystic Blast
  2792 | D:3      | Found a faded altar of an unknown god.
  3343 | D:3      | Reached skill level 1 in Translocations
  3467 | D:3      | Found a sparkling altar of Nemelex Xobeh.
  3607 | D:3      | Found a shadowy altar of Dithmenos.
  4150 | D:4      | Noticed an ogre
  4159 | D:4      | Mangled by an ogre

Illustrated notes

Levels and vault maps discovered:
D:1:      dpeg_arrival_erosion, layout_basic, minmay_bisected
D:2:      layout_loops_ring
D:3:      layout_loops_ring, nemelex_xobeh_ov_fountains_minmay,
          grunt_dithmenos_smoke_and_mirrors, serial_forest,
          infiniplex_forest_lined_3, infiniplex_forest_clump_long,
          infiniplex_forest_lined_room_2, infiniplex_forest_clump_medium,
          infiniplex_forest_clump_small, infiniplex_forest_fountain,
          infiniplex_forest_corner_2, infiniplex_forest_corner_1,
          chequers_ecumenical_altar_simple, minmay_misc_feat_encased
D:4:      layout_loops_ring

Skill      XL: |  1  2  3  4 |
---------------+-------------+-----
Dodging        | 2 |  2.3
Conjurations   | 5 |  5.4
Translocations | 1 |  1.1
Fighting       | |  0.2
Stealth        | |  1.7
Spellcasting   | |  2.6

Action                   |  1- 3 |  4- 6 || total
-------------------------+-------+-------++-------
Melee: Unarmed           |    32 |    16 ||    48
       Tailslap          |     4 |     4 ||     8
 Cast: Magic Dart        |    60 |    24 ||    84
       Searing Ray       |    12 |    20 ||    32
       Iskenderun's Myst |       |     3 ||     3
  Use: Scroll            |     6 |     3 ||     9
       Potion            |       |     1 ||     1
Armor: Skin              |    13 |    16 ||    29
Dodge: Dodged            |    34 |    31 ||    65
